 Dungeon Sprint DCSS version 0.18.1-50-g88ac8fd (webtiles) character file.

274 saintsgambit the Blocker (level 7, -6/70 HPs)
             Began as a Minotaur Fighter on Sept 24, 2016.
             Was a Believer of Okawaru.
             Mangled by a six-headed hydra (9 damage)
             ... summoned by a witch
             ... in the Dungeon (Sprint VI: "Thunderdome").
             The game lasted 00:07:08 (577 turns).

saintsgambit the Blocker (Minotaur Fighter)          Turns: 577, Time: 00:07:09

Health: -6/70      AC: 10    Str: 26    XL:     7   Next: 71%
Magic:  6/6        EV: 13    Int:  5    God:    Okawaru [**....]
Gold:   372        SH:  0    Dex: 12    Spells: 0 memorised, 6 levels left

rFire  . . .     SeeInvis .     a - +0 war axe
rCold  . . .     Gourm    .     b - +0 scale mail
rNeg   . . .     Faith    .     c - +0 shield
rPois  .         Spirit   .     (helmet restricted)
rElec  .         Dismiss  .     d - +0 cloak
rCorr  .         Reflect  .     (no gloves)
SustAt .         Harm     .     (no boots)
MR     .....     NoTele   +     (no amulet)
Stlth  ..........               q - ring of Wiwnec {Wiz +Fly Str+4}
                                p - ring "Vyrede Gablo" {Wiz Str+2}

@: confused, not resistant to hostile enchantments, extremely unstealthy
A: retaliatory headbutt, horns 2
a: Heroism, Renounce Religion, Evoke Flight


You were in the Dungeon.
You worshipped Okawaru.
Okawaru was pleased with you.
You were not hungry.

You visited 1 branch You collected 600 gold pieces.
You spent 228 gold pieces at shops.

Inventory:

Hand Weapons
 a - a +0 war axe (weapon)
Armour
 b - a +0 scale mail (worn)
 c - a +0 shield (worn)
 d - a +0 cloak (worn)
Jewellery
 p - the ring "Vyrede Gablo" (left hand) {Wiz Str+2}
   (You bought it in a shop in the Dungeon)

   [ring of wizardry]

   It improves your spell success rate.
   It affects your strength (+2).
 q - the ring of Wiwnec (right hand) {Wiz +Fly Str+4}
   (You bought it in a shop in the Dungeon)

   [ring of wizardry]

   It improves your spell success rate.
   It affects your strength (+4).
   It lets you fly.
Wands
 m - a wand of acid (5/15)
 n - a wand of iceblast (5/15)
Scrolls
 k - 4 scrolls of blinking
 o - 3 scrolls of fog
Potions
 e - 2 potions of curing
 g - 3 potions of heal wounds
 h - 4 potions of haste
 i - 2 potions of magic
 j - a potion of berserk rage
 l - a potion of resistance
Comestibles
 f - a bread ration


   Skills:
 + Level 9.0 Fighting
 + Level 7.6 Axes
 + Level 9.7 Armour
 + Level 8.1 Dodging
 + Level 11.7 Shields
 + Level 1.3 Invocations


You had 6 spell levels left.
You didn't know any spells.

Dungeon Overview and Level Annotations

Branches:
Dungeon (1/1)

Altars:
Cheibriados
Dithmenos
Fedhas
Gozag
Kikubaaqudgha
Makhleb
Okawaru
Pakellas
Qazlal
Ru
Sif Muna
Trog
Vehumet
Xom
Yredelemnul
Zin
The Shining One
Jiyva
Lugonu

Shops:
D *[%??*?*:[((!!!!


Innate Abilities, Weirdness & Mutations

You reflexively headbutt those who attack you in melee.
You have a pair of horns on your head.


Message History

You block the five-headed hydra's attack.
The five-headed hydra closely misses you.
The five-headed hydra bites you.
* * * LOW HITPOINT WARNING * * *
The five-headed hydra bites you.
* * * LOW HITPOINT WARNING * * *
You barely miss something.
You lop one of the five-headed hydra's heads off!
The four-headed hydra grows two more!
You slash the six-headed hydra!
The six-headed hydra is lightly wounded.
You are engulfed in noxious fumes.
You choke on the stench!
You are confused.
* * * LOW HITPOINT WARNING * * *
You hear some strange, mumbled words.
A four-headed hydra appears.
The six-headed hydra bites you but does no damage. x2
The six-headed hydra bites you!
* * * LOW HITPOINT WARNING * * *
The six-headed hydra bites you!
You die...

#∩.......∩# #_......._#
#_......._# #_......._#
###.........###
#⌠...........⌠#
######.8.D.......8.####
##∩.__.§§...###......___
###∩....§@{.8.# #.8.......
##.......§D.((÷###.........
#⌠.........(###(..###......
#⌠..........# #(<.# #......
#⌠..........###)..###......
##.............###.........
###∩........8.# #.8.......
##∩.__......###........_
######.8.........8.####


You could see a six-headed hydra and a four-headed hydra.

Vanquished Creatures
  A bog body (D)
  A vampire mosquito (D)
  A big kobold (D)
  7 vampire bats (D)
  A crimson imp (D)
  4 quasits (D)
  A jelly (D)
  5 oozes (D)
  3 kobolds (D)
24 creatures vanquished.

Notes
Turn   | Place    | Note
--------------------------------------------------------------
     0 | D        | saintsgambit the Minotaur Fighter began the quest for the Orb.
     0 | D        | Reached XP level 1. HP: 19/19 MP: 0/0
     0 | D        | Found a bloodstained altar of Trog.
     3 | D        | Found a radiant altar of Vehumet.
     3 | D        | Found a corrupted altar of Lugonu.
     4 | D        | Found a basalt altar of Yredelemnul.
     4 | D        | Found an ancient bone altar of Kikubaaqudgha.
     5 | D        | Found an iron altar of Okawaru.
     5 | D        | Found a viscous altar of Jiyva.
     5 | D        | Round 1.
     6 | D        | Found Arokh's Distillery.
     6 | D        | Found Soimm's Do-It-Yourself Clinic.
     7 | D        | Found a snail-covered altar of Cheibriados.
     8 | D        | Found a glowing golden altar of the Shining One.
     8 | D        | Found a stormy altar of Qazlal.
     8 | D        | Found a sacrificial altar of Ru.
     8 | D        | Found Myenytz's Staff Store.
     8 | D        | Found Irucsiupt's Magic Scroll Shop.
     9 | D        | Found Kyatour's Must-Have Magic.
     9 | D        | Found Cufij's Magic Scroll Shop.
     9 | D        | Noticed a quasit
    14 | D        | Killed a quasit
    14 | D        | Reached skill level 5 in Fighting
    14 | D        | Reached skill level 5 in Armour
    14 | D        | Reached skill level 5 in Shields
    14 | D        | Reached XP level 2. HP: 27/29 MP: 1/1
    14 | D        | Reached XP level 3. HP: 33/36 MP: 2/2
    15 | D        | Found an oddly glowing altar of Pakellas.
    16 | D        | Found a deep blue altar of Sif Muna.
    18 | D        | Found Puesina's Bee Food.
    18 | D        | Found a shadowy altar of Dithmenos.
    18 | D        | Found a blossoming altar of Fedhas.
    18 | D        | Found Pokef's Identification Station.
    19 | D        | Found Fegikk's Jewellery.
    19 | D        | Found Foeg's Advanced Armour.
    22 | D        | Found an opulent altar of Gozag.
    23 | D        | Found a shimmering altar of Xom.
    24 | D        | Found a glowing silver altar of Zin.
    25 | D        | Found a burning altar of Makhleb.
    25 | D        | Found Izarghi's Premium Goods.
    25 | D        | Found Zupuodop's Weapon Rack.
    26 | D        | Found Zong's Miscellaneous Merchandise.
    26 | D        | Found Hicysh's Basic Armour.
    34 | D        | Found Saohi's Bottled Wisdom.
    34 | D        | Found Sainn's Distillery.
    42 | D        | Became a worshipper of Warmaster Okawaru
    49 | D        | Reached skill level 6 in Shields
    69 | D        | Reached XP level 4. HP: 37/45 MP: 3/3
    91 | D        | Reached skill level 1 in Dodging
    91 | D        | Reached skill level 7 in Shields
   114 | D        | Reached * piety under Okawaru
   114 | D        | Arena points: 12 (+12) [x2]
   114 | D        | Reached skill level 8 in Shields
   114 | D        | Reached XP level 5. HP: 52/52 MP: 4/4
   133 | D        | Bought a +0 cloak for 54 gold pieces
   141 | D        | Round 2.
   156 | D        | Bought 4 potions of curing for 84 gold pieces
   280 | D        | Arena points: 54 (+42) [x3]
   297 | D        | Bought a brightly glowing copper ring for 45 gold pieces
   297 | D        | Bought a clouded bone ring for 45 gold pieces
   297 | D        | Identified the ring "Vyrede Gablo" {Wiz Str+2} (You bought it in a shop in the Dungeon)
   298 | D        | Identified the ring of Wiwnec {Wiz +Fly Str+4} (You bought it in a shop in the Dungeon)
   327 | D        | Round 3.
   351 | D        | Noticed Sonja
   362 | D        | Reached skill level 5 in Axes
   362 | D        | Reached skill level 9 in Shields
   362 | D        | Reached XP level 6. HP: 31/61 MP: 3/5
   376 | D        | Arena points: 114 (+60) [x4]
   386 | D        | Round 4.
   392 | D        | Reached skill level 5 in Dodging
   397 | D        | Reached skill level 10 in Shields
   443 | D        | Reached XP level 7. HP: 41/69 MP: 6/6
   448 | D        | Arena points: 274 (+160) [x5]
   516 | D        | Round 5.
   517 | D        | Noticed a witch
   546 | D        | Noticed a vampire mosquito
   553 | D        | Noticed a bog body
   555 | D        | Killed a vampire mosquito
   555 | D        | Reached ** piety under Okawaru
   555 | D        | Reached skill level 11 in Shields
   555 | D        | Reached skill level 1 in Invocations
   562 | D        | Killed a bog body
   575 | D        | Noticed a four-headed hydra
   577 | D        | HP: 3/70 [six-headed hydra[a witch] (8)]
   577 | D        | Mangled by a six-headed hydra

Skill      XL: |  1  2  3  4  5  6  7 |
---------------+----------------------+-----
Fighting       | 5 6 7 8 9 |  9.0
Axes           | 3 4 5 6 7 |  7.6
Armour         | 5 6 7 8 9 |  9.7
Shields        | 5 6 8 9 10 11 | 11.7
Dodging        | 2 4 6 8 |  8.1
Invocations    | 1 |  1.3

Action                   |  1- 3 |  4- 6 |  7- 9 || total
-------------------------+-------+-------+-------++-------
Melee: War axe           |    14 |    57 |    37 ||   108
       Headbutt          |       |     8 |     9 ||    17
Invok: Heroism           |       |     2 |     1 ||     3
  Use: Potion            |     1 |     4 |       ||     5
Armor: Scale mail        |    23 |    49 |    21 ||    93
Dodge: Dodged            |    18 |    42 |    16 ||    76
Block: Shield            |    22 |    68 |    18 ||   108
